General information
- name: Místní hra ([wam]Ado125)
- type: Custom game
- host: [wam]Ado125
- saver: [wam]Ado125
map: LostTemple
- players: 6
- length: 20:50
- speed: Fast
- version: 1.26 W3XP
- replay type: Public
» download(166 KB)
Players
team 1 (loser)
DkH.Sub (
red | 151 APM | 3135 actions | 20:46)
5 Archmage
3 Summon Water Elemental
2 Brilliance Aura
4 Mountain King
2 Storm Bolt
2 Bash
» actions
| Assign group hotkey | 108 | |
| Basic commands | 103 | |
| Build / train | 105 | |
| ESC pressed | 1 | |
| Enter build submenu | 33 | |
| Enter hero's abilities submenu | 9 | |
| Give item / drop item | 4 | |
| Remove unit from queue | 1 | |
| Right click | 1312 | |
| Select / deselect | 622 | |
| Select group hotkey | 710 | |
| Use ability | 127 | |
3135 total
» units
| Peasant | 17 | |
| Footman | 8 | |
| Mortar Team | 3 | |
| Sorceress | 6 | |
| Priest | 6 | |
| Flying Machine | 9 | |
| Spell Breaker | 6 | |
55 total
» upgrades
| Masonry | 1 | |
| Plating | 2 | |
| Magic Sentry | 1 | |
| Flare | 1 | |
| Sorceress Training | 1 | |
| Priest Training | 1 | |
| Swords | 2 | |
| Defend | 1 | |
| Gunpowder | 2 | |
12 total
» buildings
| Altar of Kings | 1 | |
| Barracks | 1 | |
| Farm | 15 | |
| Lumber Mill | 1 | |
| Scout Tower | 10 | |
| Town Hall | 1 | |
| Arcane Tower | 1 | |
| Guard Tower | 9 | |
| Keep | 1 | |
| Arcane Vault | 1 | |
| Blacksmith | 1 | |
| Arcane Sanctum | 2 | |
| Workshop | 1 | |
45 total
» build order
00:03 Altar of Kings
00:18 Barracks
00:32 Farm
01:02 Farm
01:46 Farm
02:50 Farm
03:03 Lumber Mill
03:30 Scout Tower
03:52 Scout Tower
03:53 Scout Tower
03:55 Scout Tower
04:34 Town Hall
05:10 Arcane Tower
05:11 Guard Tower
05:33 Guard Tower
05:35 Guard Tower
05:36 Scout Tower
06:01 Keep
06:11 Arcane Vault
07:09 Guard Tower
07:28 Scout Tower
07:31 Farm
07:32 Farm
07:32 Farm
07:36 Blacksmith
07:53 Farm
07:53 Farm
08:04 Guard Tower
08:24 Arcane Sanctum
08:25 Arcane Sanctum
08:30 Workshop
10:31 Farm
10:32 Farm
12:45 Farm
12:46 Farm
12:46 Farm
16:34 Farm
18:41 Guard Tower
19:15 Scout Tower
19:15 Scout Tower
19:15 Scout Tower
19:52 Guard Tower
19:57 Guard Tower
20:17 Guard Tower
20:18 Scout Tower
» items
| Scroll of Regeneration | 2 | |
| Lesser Clarity Potion | 2 | |
| Scroll of Town Portal | 3 | |
| Potion of Healing | 1 | |
| Potion of Lesser Invulnerability | 1 | |
| Scroll of Healing | 2 | |
| Ivory Tower | 2 | |
13 total
team 2 (winner)
nice0ne10 (
blue | 274 APM | 5691 actions | 20:46)
5 Demon Hunter
3 Mana Burn
2 Evasion
5 Keeper of the Grove
3 Entangling Roots
2 Thorns Aura
» actions
| Assign group hotkey | 45 | |
| Basic commands | 13 | |
| Build / train | 94 | |
| Enter build submenu | 22 | |
| Enter hero's abilities submenu | 10 | |
| Give item / drop item | 7 | |
| Remove unit from queue | 6 | |
| Right click | 2459 | |
| Select / deselect | 665 | |
| Select group hotkey | 2221 | |
| Use ability | 149 | |
5691 total
» units
| Wisp | 33 | |
| Archer | 2 | |
| Huntress | 3 | |
| Dryad | 2 | |
| Druid of the Claw | 3 | |
| Goblin Shredder | 1 | |
| Faerie Dragon | 3 | |
| Mountain Giant | 2 | |
49 total
» upgrades
| Abolish Magic | 1 | |
| Druid of the Claw Training | 2 | |
| Well Spring | 1 | |
| Strength of the Wild | 3 | |
| Reinforced Hides | 3 | |
| Nature's Blessing | 1 | |
| Hardened Skin | 1 | |
| Resistant Skin | 1 | |
| Mark of the Claw | 1 | |
14 total
» buildings
| Altar of Elders | 1 | |
| Moon Well | 6 | |
| Ancient of War | 1 | |
| Hunter's Hall | 1 | |
| Tree of Life | 5 | |
| Tree of Ages | 3 | |
| Ancient of Wonders | 1 | |
| Tree of Eternity | 2 | |
| Ancient of Lore | 3 | |
| Ancient of Wind | 1 | |
24 total
» build order
00:04 Altar of Elders
00:15 Moon Well
00:25 Ancient of War
01:52 Moon Well
02:31 Hunter's Hall
03:21 Tree of Life
03:47 Moon Well
05:10 Tree of Life
05:31 Moon Well
06:07 Tree of Ages
06:07 Tree of Ages
06:07 Tree of Ages
06:52 Tree of Life
07:26 Ancient of Wonders
08:30 Tree of Eternity
08:30 Tree of Eternity
08:36 Ancient of Lore
09:05 Ancient of Lore
10:23 Ancient of Wind
11:59 Moon Well
12:00 Moon Well
13:48 Tree of Life
14:54 Ancient of Lore
17:11 Tree of Life
» items
| Staff of Preservation | 2 | |
| Orb of Venom | 1 | |
| Potion of Lesser Invulnerability | 2 | |
| Boots of Speed | 1 | |
| Scroll of Town Portal | 1 | |
7 total
observers[wam]Ado125,
BackToReality,
DkH.Nuckad,
EyHon Chat log
(00:14 / Observers) EyHon: ¨nice post
(00:15 / Observers) EyHon: for elf
(00:50 / All) DkH.Sub: glhf
(00:54 / All) nice0ne10: gl hf
(01:21 / Observers) BackToReality: no som to riadne dlho nehral uz :D
(01:41 / Observers) EyHon: bez to co jsem ti rikal
(01:45 / Observers) EyHon: to nemuze porazit :D
(01:47 / Observers) EyHon: a ani to nebude cekat
(01:48 / Observers) BackToReality: no a jak to ist?
(01:57 / Observers) EyHon: bm creep s gruntama
(02:05 / Observers) EyHon: tier up
(02:07 / Observers) EyHon: sh
(02:10 / Observers) EyHon: das tech na 3
(02:14 / Observers) EyHon: a stavis warmill
(02:19 / Observers) EyHon: zaroven s tim
(02:27 / Observers) BackToReality: no
(02:27 / Observers) EyHon: vis jak,on ten t2 push od elfa
(02:29 / Observers) EyHon: bude k nicemu
(02:37 / Observers) EyHon: protoze nebudes stavet ani beastiary
(02:38 / Observers) EyHon: and lounge
(02:41 / Observers) BackToReality: j
(02:53 / Observers) EyHon: a jak mas t3
(02:53 / Observers) [wam]Ado125: pozor, rich je velmi dobry v improvizacii
(02:57 / Observers) EyHon: vemes delniky
(03:03 / Observers) EyHon: udelas beton
(03:05 / Observers) EyHon: a jdes vezovat
(03:10 / Observers) [wam]Ado125: si mozete vsimnut z jeho replayov z w3areny kde je prvy :D:D
(03:10 / Observers) EyHon: 3 tinker
(03:20 / Observers) EyHon: a tu pekarnu co ma
(03:24 / Observers) BackToReality: a klasika 4 grunti len?
(03:27 / Observers) EyHon: a sranec k tomu
(03:28 / Observers) EyHon: klidne 6
(03:32 / Observers) EyHon: zlata budes mit dost
(03:43 / Observers) BackToReality: vyskusam, uvidime :D
(03:47 / Observers) [wam]Ado125: honey vies co hrava star ?
(03:48 / Observers) EyHon: jako je to imba
(03:50 / Observers) EyHon: elfa
(03:52 / Observers) EyHon: a srance
(03:53 / Observers) EyHon: kotg
(03:55 / Observers) [wam]Ado125: keepera a hunty
(03:55 / Observers) [wam]Ado125: jj
(03:57 / Observers) EyHon: mass arch + htunz
(04:00 / Observers) [wam]Ado125: takze to ocheckuj
(04:01 / Observers) [wam]Ado125: ;)
(04:09 / Observers) EyHon: on neni dobry az tak
(04:14 / Observers) [wam]Ado125: jj
(04:22 / Observers) [wam]Ado125: ale ma 65% na arene tusim
(04:24 / Observers) [wam]Ado125: :D
(04:30 / Observers) [wam]Ado125: co mi pride trosku weird
(04:35 / Observers) BackToReality: sme suba raz dali s jurom v 2v2
(04:44 / Observers) BackToReality: zas ma tlaci sracka, brb
(04:46 / Observers) EyHon: :D
(05:00 / Observers) EyHon: no towers oO
(05:07 / Observers) [wam]Ado125: to ide prehrat
(05:12 / Observers) [wam]Ado125: timon
(05:39 / Observers) [wam]Ado125: timon ma super micro
(05:42 / Observers) [wam]Ado125: ale macro zaostava :D
(05:59 / Observers) EyHon: tech by mohl dat uz
(06:27 / Observers) [wam]Ado125: cancelne mu to
(06:29 / Observers) [wam]Ado125: zas
(06:45 / Observers) EyHon: rofl
(06:46 / Observers) EyHon: on dal tp :D
(06:51 / Observers) [wam]Ado125: lol
(06:55 / Observers) [wam]Ado125: tak nech mu da tych sracov
(06:56 / Observers) [wam]Ado125: aspon
(07:07 / Observers) EyHon: to dobre spicil
(07:10 / Observers) EyHon: sub ted
(07:13 / Observers) EyHon: bude muset cekat dlouho
(07:16 / Observers) EyHon: nez bude moct abusovat opet
(07:25 / Observers) BackToReality: co sa deje?
(07:31 / Observers) [wam]Ado125: tak ale uz ma o tisicku vytazenu viac a to este len niceone dal stavat expu
(07:46 / Observers) EyHon: porad je elf magical
(07:48 / Observers) EyHon: do humana
(08:09 / Observers) BackToReality: pojebana sracka
(08:20 / Observers) EyHon: ja premyslim
(08:22 / Observers) BackToReality: mal ist jak creo do skya
(08:23 / Observers) EyHon: ze pujdu elfa
(08:33 / Observers) EyHon: protoze starr
(08:37 / Observers) EyHon: hraje potm + hunt
(08:41 / Observers) EyHon: do mirroru
(08:45 / Observers) BackToReality: no
(09:07 / Observers) BackToReality: a co budes hrat ty?
(09:13 / Observers) EyHon: to same :D
(09:18 / Observers) BackToReality: to je fun
(09:43 / Observers) BackToReality: nice, ze mu na expu ide a nie na main
(09:55 / Observers) EyHon: sub mysli,ze ji jeste nedostavil :D
(10:10 / Observers) EyHon: 1200G
(10:12 / Observers) EyHon: a nic nedela
(10:12 / Observers) BackToReality: tp dalsi, pekne
(10:13 / Observers) EyHon: omfg
(10:31 / Observers) BackToReality: uz si zabil dost tu gold vyhodu co mal
(10:46 / Observers) EyHon: nechapu toho gyra
(11:00 / Observers) EyHon: pujde mass gyro jako ?
(11:03 / Observers) BackToReality: mozno na scouting
(11:13 / Observers) BackToReality: ked bude creepovat necha gyro aby ho nejackol zozadu
(11:13 / Observers) EyHon: ani t3 nejde
(11:15 / Observers) EyHon: wtf ?
(11:32 / Observers) EyHon: priste utoci
(11:35 / Observers) EyHon: sorc autocast na slow
(11:40 / Observers) EyHon: jsem myslel,ze sub je lepsi :D
(11:55 / Observers) EyHon: dh nice itemy :D
(12:00 / Observers) BackToReality: :D
(12:29 / Observers) EyHon: am lvl 2 porad -_-
(12:40 / Observers) [wam]Ado125: ale tak mortary, sorcky priesti
(12:43 / Observers) [wam]Ado125: to je tazke bez pandy
(12:56 / Observers) EyHon: tak,mortari jsou docela k nicemu,bez t3
(13:02 / Observers) EyHon: kor,kdyz nemassuje dryadky
(13:06 / Observers) EyHon: a bude mit pucka
(13:09 / Observers) EyHon: a ten poresi
(13:14 / Observers) EyHon: veskere carodejky
(13:36 / Observers) EyHon: jen nechapu,proc nejde ten t3 human
(14:17 / Observers) BackToReality: nvm
(14:22 / Observers) EyHon: chce to beary :D
(14:26 / Observers) EyHon: vic bearu
(14:33 / Observers) EyHon: do pop 80 jenom beary
(14:42 / Observers) EyHon: a 3 dry staci
(14:45 / Observers) EyHon: na ty ementaly
(15:10 / Observers) EyHon: dh 5 <3
(15:18 / Observers) EyHon: sub 94 pop
(15:20 / Observers) EyHon: rofl
(15:29 / Observers) [wam]Ado125: tj
(15:31 / Observers) [wam]Ado125: pekna prevaha
(15:41 / Observers) [wam]Ado125: a timon bankuje
(15:45 / Observers) [wam]Ado125: ziadne beary
(15:49 / Observers) EyHon: at mass dpc
(15:51 / Observers) [wam]Ado125: aaa
(15:53 / Observers) [wam]Ado125: gianti
(15:53 / Observers) EyHon: oO
(16:02 / Observers) BackToReality: neuhra to sub podla mna
(16:05 / Observers) EyHon: bude fight
(16:08 / Observers) [wam]Ado125: len teraz nech nedava tp
(16:10 / Observers) [wam]Ado125: lebo prehra ten fight
(16:11 / Observers) [wam]Ado125: xD
(16:18 / Observers) BackToReality: prave teraz nech dava tp
(16:21 / Observers) BackToReality: sak sub ma army doma
(16:25 / Observers) [wam]Ado125: jj
(16:28 / Observers) [wam]Ado125: pravda
(16:35 / Observers) [wam]Ado125: 100/100
(16:35 / Observers) EyHon: 100/100 -_-
(16:50 / Observers) BackToReality: to je dost jebnute ist tak skoro na lt do upkeepu
(16:51 / Observers) EyHon: pohoda
(16:56 / Observers) EyHon: aspon ubranil expu
(17:04 / Observers) [wam]Ado125: zabudol faerie
(17:22 / Observers) BackToReality: pekne da teraz upkeep timon a ma nabankovane
(17:30 / Observers) EyHon: mohl by
(17:35 / Observers) EyHon: 5 wisp
(17:38 / Observers) EyHon: do boje k tomu
(17:40 / Observers) BackToReality: a ked da dh 6
(17:40 / Observers) EyHon: 1 hyppo
(17:47 / Observers) EyHon: na ty gyra
(17:55 / Observers) BackToReality: scrolly nema ale
(18:12 / Observers) [wam]Ado125: to nedava timon
(18:20 / Observers) BackToReality: nema scrolly
(18:22 / Observers) [wam]Ado125: tam je toho moc
(18:24 / Observers) [wam]Ado125: a nedava healing
(18:26 / Observers) [wam]Ado125: sward
(18:34 / Observers) [wam]Ado125: hura
(18:34 / Observers) BackToReality: podla mna to pretlaci
(18:41 / Observers) [wam]Ado125: zalezi od mk
(18:55 / Observers) [wam]Ado125: uz pretlaci
(19:11 / Observers) [wam]Ado125: keeper
(19:17 / Observers) [wam]Ado125: np
(19:17 / Observers) [wam]Ado125: nice
(19:26 / Observers) [wam]Ado125: to je win
(19:33 / Observers) [wam]Ado125: 6 lvl
(19:33 / Observers) [wam]Ado125: dh
(19:34 / Observers) BackToReality: dh 6
(19:36 / Observers) EyHon: 6 :D podme :D
(19:42 / Observers) BackToReality: kotg infinite mana :D
(19:43 / Observers) [wam]Ado125: kurva
(19:45 / Observers) [wam]Ado125: uf
(19:53 / Observers) EyHon: nice
(19:57 / Observers) [wam]Ado125: metam!
(20:00 / Observers) BackToReality: gogo dh
(20:02 / Observers) EyHon: 2 expy
(20:04 / Observers) EyHon: parada
(20:05 / Observers) BackToReality: ale asi setri
(20:11 / Observers) [wam]Ado125: nema moc na co
(20:13 / Observers) BackToReality: vies, keby bolo treba ke dbud ezle, teraz dava
(20:29 / Observers) EyHon: kotg 6
(20:30 / Observers) EyHon: a konec
(20:33 / Observers) BackToReality: to sub jeblo massoval uplne
(20:40 / Observers) EyHon: massoval spatne
(20:44 / All) DkH.Sub: simply 0 damage in human army... ;/ urs is too good
(20:45 / All) DkH.Sub: gg